 Dungeon Crawl Stone Soup version 0.30-a0-949-g53dc5368d7 (console) character file.

Game seed: 7651216230242780357

115 Ignak the Ogre Mage (level 5, -5/49 HPs)
             Began as an Ogre Hedge Wizard on Mar 27, 2023.
             Killed by divine providence
             ... invoked by an orc priest
              (9 damage)
             ... on level 3 of the Dungeon.
             The game lasted 00:07:39 (2419 turns).

Ignak the Ogre Mage (Ogre Hedge Wizard)             Turns: 2419, Time: 00:07:40

Health: -5/49      AC:  3    Str: 14    XL:     5   Next: 0%
Magic:  0/11       EV: 10    Int: 17    God:
Gold:   107        SH:  0    Dex:  8    Spells: 4/12 levels left

rFire   . . .      SeeInvis .    g - +0 trident
rCold   . . .      Faith    .    (no shield)
rNeg    . . .      Spirit   .    b - +0 robe
rPois   .          Reflect  .    c - +0 hat
rElec   .          Rampage  .    (no cloak)
rCorr   .                        (gloves unavailable)
Will    .....                    (boots unavailable)
Stlth   +                        (no amulet)
HPRegen 0.28/turn                (no ring)
MPRegen 0.12/turn                (no ring)

@: very slightly contaminated
A: large, unfitting armour, tough skin 1
a: no special abilities


You were on level 3 of the Dungeon.
You visited 1 branch of the dungeon, and saw 3 of its levels.

You collected 107 gold pieces.

Inventory:

Hand Weapons
 a - a +0 dagger
 g - a +0 trident (weapon)
Armour
 b - a +0 robe (worn)
 c - a +0 hat (worn)
Scrolls
 e - 2 scrolls of teleportation {unknown}
 j - 2 scrolls of identify {unknown}
 n - a scroll of vulnerability {unknown}
 o - a scroll of amnesia {unknown}
 p - a scroll of immolation {unknown}
Potions
 d - a potion of magic
 f - 2 potions of heal wounds {unknown}
 h - a potion of haste {unknown}
 i - a potion of curing {unknown}
 k - a potion of mutation {unknown}
 l - 2 potions of might {unknown}
 m - a potion of brilliance {unknown}


   Skills:
 + Level 2.3 Fighting
 + Level 2.4 Dodging
 - Level 1.4 Stealth
 + Level 4.2 Spellcasting
 + Level 1.8 Conjurations
 - Level 0.8 Summonings
 + Level 1.9 Translocations
 + Level 0.2 Air Magic
 + Level 0.2 Poison Magic


You had 4 spell levels left.
You knew the following spells:

 Your Spells              Type           Power      Damage    Failure   Level
a - Magic Dart            Conj           40%        1d5       7%          1
b - Blink                 Tloc           20%        N/A       11%         2
d - Mephitic Cloud        Conj/Pois/Air  6%         N/A       32%         3
e - Call Imp              Summ           6%         N/A       16%         2

Your spell library contained the following spells:

 Spells                   Type           Power      Damage    Failure   Level
 Slow                     Hex            12%        N/A       16%         1
 Cigotuvi's Dreadful Rot  Necr/Pois/Air  8%         N/A       22%         2


Dungeon Overview and Level Annotations

Branches:
Dungeon (3/15)

Altars:
Makhleb

Annotations:
D:3 Pargi


Innate Abilities, Weirdness & Mutations

You are too large for most types of armour.
You have tough skin. (AC +1)


Message History

Aim: an orc priest, wielding a +0 war axe and wearing a +0 chain mail (ally target, chance to affect: 86%)
You miscast Mephitic Cloud.
Nothing appears to happen.
Your shadow imp barely misses the orc priest.
The orc priest hits your shadow imp with a +0 war axe.
The orc hits your shadow imp with a +0 dagger.
Your shadow imp hits the orc priest but does no damage.
The orc priest invokes the aid of Beogh against you.
Beogh smites you!
The orc hits your shadow imp with a +0 dagger.
Your shadow imp gestures at the orc.
The orc writhes in agony!
The orc dies!
The orc priest calls down the wrath of Beogh upon you.
Beogh smites you!
* * * LOW HITPOINT WARNING * * *
Casting: Mephitic Cloud (quite dangerous; 32% risk of failure)
Confirm with . or Enter, or press ? or * to list all spells.
The spell is quite dangerous to miscast (32% risk of failure)!
Continue anyway?
Aiming: Mephitic Cloud (quite dangerous; 32% risk of failure)
Press: ? - help, Shift-Dir - straight line, f - shadow imp, p - orc priest
Aim: a shadow imp (severely wounded, summoned, friendly, not susceptible)
The ball explodes into a vile cloud!
The stinking cloud engulfs your shadow imp but does no damage.
Your shadow imp is severely wounded.
The stinking cloud engulfs the orc but does no damage.
The stinking cloud engulfs the orc priest but does no damage.
Your shadow imp barely misses the orc priest.
The orc is engulfed in noxious fumes.
The orc appears confused.
The orc barely misses the orc priest.
The orc priest hits your shadow imp with a +0 war axe.
Your shadow imp dies!
Your shadow imp disappears in a puff of smoke!
The orc is engulfed in noxious fumes.
The orc appears confused.
The orc hits itself with a +0 short sword of draining.
The orc drains itself.
The orc is killed!
You have reached level 5!
The orc priest invokes the aid of Beogh against you.
Beogh smites you!
You die...

..# #.......#...#
..# #.......#...#
#####.......#...#
............'...#
............#...#
............#...##
......#########..#
# ......# ##.# .
......# #@# .#
####### #.##.#
########..#.#
.=..........###..
.................
.........○○####.#
##########○# °o#
#oT.


You could see an orc priest.

Vanquished Creatures
  An orc priest (D:3)
  An iguana (D:3)
  A worm (D:2)
  2 dart slugs
  3 orcs
  4 endoplasms
  4 giant cockroaches
  2 goblins (D:2)
  2 hobgoblins (D:1)
  A kobold (D:3)
  2 quokkas (D:1)
  3 bats
  5 frilled lizards
  8 rats
39 creatures vanquished.

Vanquished Creatures (collateral kills)
  3 orcs
  An endoplasm (D:2)
  A goblin (D:3)
  2 jackals (D:1)
  A kobold (D:3)
8 creatures vanquished.

Grand Total: 47 creatures vanquished

Notes
Turn   | Place    | Note
-------+----------+-------------------------------------------
     0 | D:1      | Ignak the Ogre Hedge Wizard began the quest for the Orb.
     0 | D:1      | Reached XP level 1. HP: 16/16 MP: 5/5
    89 | D:1      | Reached skill level 1 in Conjurations
    89 | D:1      | Reached skill level 1 in Translocations
   213 | D:1      | Reached XP level 2. HP: 26/26 MP: 3/6
   216 | D:1      | Learned a level 2 spell: Blink
   219 | D:1      | Learned a level 2 spell: Call Imp
   415 | D:1      | Reached skill level 1 in Fighting
   907 | D:2      | Reached XP level 3. HP: 33/33 MP: 4/8
  1136 | D:2      | Found a burning altar of Makhleb.
  1228 | D:2      | Found a faded altar of an unknown god.
  1412 | D:2      | Reached skill level 4 in Spellcasting
  1819 | D:2      | Learned a level 3 spell: Mephitic Cloud
  1961 | D:3      | HP: 1/33 [orc priest/divine providence (9)]
  2239 | D:3      | Reached XP level 4. HP: 39/42 MP: 7/10
  2408 | D:3      | Noticed Pargi
  2416 | D:3      | HP: 2/42 [orc priest/divine providence (12)]
  2419 | D:3      | Reached XP level 5. HP: 3/49 MP: 0/11
  2419 | D:3      | Killed from afar by an orc priest

Illustrated notes

Levels and vault maps discovered:
D:1:      dpeg_arrival_fog, layout_basic, minivault_27
D:2:      layout_loops_corners, basic_altar, ebering_ecumenical_altar_abandoned
D:3:      layout_basic, uniq_terence, uniq_pargi

Skill      XL: |  1  2  3 |
---------------+----------+-----
Conjurations   | 1 |  1.8
Translocations | 1 |  1.9
Fighting       | 1 2 |  2.3
Dodging        | 2 |  2.4
Spellcasting   | 4 |  4.2
Stealth        | |  1.4
Summonings     | |  0.8
Air Magic      | |  0.2
Poison Magic   | |  0.2

Action                     |  1- 3 |  4- 6 || total
---------------------------+-------+-------++-------
  Melee: Dagger            |    15 |       ||    15
         Trident           |   118 |    17 ||   135
   Cast: Magic Dart        |    21 |       ||    21
         Call Imp          |     6 |     3 ||     9
         Blink             |     3 |     1 ||     4
         Mephitic Cloud    |     2 |     2 ||     4
   Stab: Sleeping          |     2 |       ||     2
         Confused          |     3 |       ||     3
         Distracted        |       |     1 ||     1
 Armour: Robe              |    45 |     4 ||    49
  Dodge: Dodged            |    77 |     5 ||    82

Table legend: (Time is in decaauts)
 A = Elapsed time spent in this place.
 B = Non-inter-level travel time spent in this place.
 C = Inter-level travel time spent in this place.
 D = Time resting spent in this place.
 E = Time spent auto-exploring this place.
 F = Levels seen in this place.
 G = Mean time per level.
                   A        B        C        D        E       F      G
               +--------+--------+--------+--------+--------+-----+--------+
         Total |   2463 |   2435 |     28 |    340 |   1422 |   3 |  821.0 |
       Dungeon |   2463 |   2435 |     28 |    340 |   1422 |   3 |  821.0 |
               +--------+--------+--------+--------+--------+-----+--------+

Top non-repeatable levels by time:
     D:2: 1226 daAuts
     D:1: 849 daAuts
     D:3: 387 daAuts
